 Dungeon Crawl Stone Soup version 0.28-a0-537-g3bccd9ccbf (webtiles) character file.

Game seed: 6678301095872645313

86 speeev33 the Skirmisher (level 4, 0/29 HPs)
             Began as a Gargoyle Fighter on Sept 27, 2021.
             Slain by Natasha (1 damage)
             ... on level 3 of the Dungeon.
             The game lasted 00:02:57 (2017 turns).

speeev33 the Skirmisher (Gargoyle Fighter)          Turns: 2017, Time: 00:02:58

Health: 0/29       AC: 10    Str: 21    XL:     4   Next: 49%
Magic:  4/4        EV:  9    Int:  8    God:
Gold:   46         SH:  5    Dex:  9    Spells: 3/3 levels left

rFire   . . .      SeeInvis .   a - +0 flail
rCold   . . .      Faith    .   c - +1 buckler
rNeg    + . .      Spirit   .   b - +0 scale mail
rPois   ∞          Reflect  .   (no helmet)
rElec   +          Harm     .   e - scarf {repulsion}
rCorr   .          Rampage  .   (no gloves)
Will    .....                   (no boots)
Stlth   ..........              (no amulet)
HPRegen 0.09/turn               (no ring)
MPRegen 0.09/turn               (no ring)

@: slowed, repel missiles, very slow
A: sickness immunity, AC +3, negative energy resistance 1, electricity
resistance, torment resistance 1, petrification resistance
a: no special abilities


You were on level 3 of the Dungeon.
You visited 1 branch of the dungeon, and saw 3 of its levels.

You collected 46 gold pieces.

Inventory:

Hand Weapons
 a - a +0 flail (weapon)
Armour
 b - a +0 scale mail (worn)
 c - a +1 buckler (worn)
 e - a scarf of repulsion (worn)
Jewellery
 f - an amulet of reflection
Scrolls
 g - a scroll of immolation {unknown}
 h - a scroll of magic mapping {unknown}
Potions
 d - a potion of might


   Skills:
 + Level 4.0 Fighting
 + Level 2.8 Maces & Flails
 + Level 4.0 Armour
 - Level 4.0 Shields


You had 3 spell levels left.
You didn't know any spells.
Your spell library contained the following spells:

 Spells                   Type           Power      Damage    Failure   Level
 Conjure Flame            Conj/Fire      0%         6-21      98%         3
 Ignite Poison            Fire/Tmut/Pois 0%         N/A       98%         3
 Sticky Flame             Conj/Fire      0%         2d3       100%        4


Dungeon Overview and Level Annotations

Branches:
Dungeon (3/15)

Altars:

Annotations:
D:3 Natasha


Innate Abilities, Weirdness & Mutations

You are immune to sickness and miasma.
Your stone body is resilient. (AC +3)
You are immune to poison.
You resist negative energy. (rN+)
You are resistant to electric shocks. (rElec)
You are resistant to unholy torment.
You are immune to petrification.


Message History

You block Natasha's attack. x2; The white imp barely misses you.
You hit Natasha.
Natasha is severely wounded.
Natasha casts a spell at you.
You feel yourself slow down. The white imp gestures at you.
The puff of frost misses you. Natasha closely misses you.
You barely miss Natasha.
Natasha is severely wounded.
A bat comes into view.
Natasha casts a spell.
The white imp hits you but does no damage.
Natasha casts a spell at you. The magic dart hits you!
The white imp barely misses you.
Natasha mumbles some strange words.
You are too injured to fight recklessly!
You barely miss Natasha.
Natasha is severely wounded.
Natasha casts a spell at you.
You feel as though you will be slow longer.
The white imp gestures at you. The puff of frost hits you.
Natasha claws you but does no damage.
The white imp hits you but does no damage.
The white imp barely misses you. Natasha claws you but does no damage.
You barely miss Natasha.
Natasha is severely wounded.
Natasha claws you. The white imp hits you. The white imp freezes you.
The white imp picks up a beetle and eats it.
The white imp gestures at you. The puff of frost hits you.
* * * LOW HITPOINT WARNING * * *
Natasha misses you. The white imp barely misses you.
The white imp gestures at you. The puff of frost hits you.
* * * LOW HITPOINT WARNING * * *
Natasha completely misses you.
You barely miss Natasha.
Natasha is severely wounded.
Natasha claws you.
You die...

### .5# #b#
#h# #####@#
#...55#
#.#####
#.####
#....#
#####....###
...........#
...........#
####.......#


You could see Natasha (fast), 3 white imps and a bat.

Vanquished Creatures
  Jessica (D:2)
  2 adders (D:2)
  3 dart slugs
  5 bats
  2 endoplasms
  3 giant cockroaches (D:1)
  2 goblins
  3 hobgoblins
  2 jackals (D:3)
  2 quokkas
  4 ball pythons
  2 frilled lizards
  2 kobolds (D:1)
  A rat (D:1)
34 creatures vanquished.

Notes
Turn   | Place    | Note
-------+----------+-------------------------------------------
     0 | D:1      | speeev33 the Gargoyle Fighter began the quest for the Orb.
     0 | D:1      | Reached XP level 1. HP: 14/14 MP: 1/1
   139 | D:1      | Reached XP level 2. HP: 19/19 MP: 2/2
   239 | D:1      | Found a faded altar of an unknown god.
   679 | D:1      | Reached XP level 3. HP: 19/23 MP: 3/3
  1351 | D:2      | Noticed Jessica
  1370 | D:2      | Killed Jessica
  1371 | D:2      | Reached XP level 4. HP: 19/29 MP: 4/4
  2004 | D:3      | Noticed Natasha
  2016 | D:3      | HP: 1/29 [white imp/puff of frost[Natasha] (2)]
  2017 | D:3      | Slain by Natasha

Illustrated notes

Levels and vault maps discovered:
D:1:      tarquinn_simple_flora_water_e, layout_basic, serial_co_window_serial,
          co_window_corner_a, co_window_of_opportunity_a, co_window_paths_a,
          co_window_corner_a, co_window_of_opportunity_a, co_window_corner_b,
          co_window_2corner, co_window_paths_c, co_window_unsneaky_path_c,
          co_window_corner_ca, co_window_4corner_a, co_window_4corner_b,
          glass_columns_c, shapermc_ecumenical_altar_hornbeckon,
          minmay_fountain_box
D:2:      layout_loops_ring, chequers_serial_rivers_small_3, uniq_jessica
D:3:      layout_loops_ring, serial_shops, nicolae_shop_window_shopping,
          uniq_sigmund, uniq_natasha

Skill      XL: |  1  2  3  4 |
---------------+-------------+-----
Fighting       | 4 |  4.0
Shields        | 4 |  4.0
Armour         | 4 |  4.0
Maces & Flails | |  2.8

Action                   |  1- 3 |  4- 6 || total
-------------------------+-------+-------++-------
Melee: Flail             |    76 |    51 ||   127
  Use: Scroll            |     3 |       ||     3
Armor: Scale mail        |    41 |    30 ||    71
Dodge: Dodged            |    35 |    36 ||    71
       Repelled          |       |     1 ||     1
Block: Buckler           |    25 |    16 ||    41

Table legend: (Time is in decaauts)
 A = Elapsed time spent in this place.
 B = Non-inter-level travel time spent in this place.
 C = Inter-level travel time spent in this place.
 D = Time resting spent in this place.
 E = Time spent auto-exploring this place.
 F = Levels seen in this place.
 G = Mean time per level.
                   A        B        C        D        E       F      G
               +--------+--------+--------+--------+--------+-----+--------+
         Total |   2070 |   1994 |     76 |      0 |   1603 |   3 |  690.0 |
       Dungeon |   2070 |   1994 |     76 |      0 |   1603 |   3 |  690.0 |
               +--------+--------+--------+--------+--------+-----+--------+

Top non-repeatable levels by time:
     D:1: 1097 daAuts
     D:2: 889 daAuts
     D:3: 84 daAuts
